 Dungeon Crawl Stone Soup version 0.18.1-6-gd335043 (webtiles) character file.

427 Moloch the Cleaver (level 6, -4/51 HPs)
             Began as a Hill Orc Fighter on May 19, 2016.
             Was an Initiate of Okawaru.
             Killed by divine providence
             ... invoked by an orc priest
              (15 damage)
             ... on level 4 of the Dungeon.
             The game lasted 00:05:47 (2623 turns).

Moloch the Cleaver (Hill Orc Fighter)               Turns: 2623, Time: 00:05:48

Health: -4/51      AC:  8    Str: 21    XL:     6   Next: 97%
Magic:  6/6        EV:  7    Int:  8    God:    Okawaru [......]
Gold:   177        SH:  9    Dex: 10    Spells: 0 memorised, 5 levels left

rFire  . . .     SeeInvis .     a - +0 war axe
rCold  + . .     Gourm    .     b - +0 scale mail
rNeg   . . .     Faith    .     c - +0 shield
rPois  .         Spirit   .     u - +0 helmet
rElec  .         Dismiss  .     (no cloak)
rCorr  .         Reflect  .     (no gloves)
SustAt .         Harm     .     (no boots)
MR     .....                    (no amulet)
Stlth  ..........               (no ring)
                                h - ring of protection from cold

@: lethally poisoned (-4 -> -7), not resistant to hostile enchantments,
extremely unstealthy
A: no striking features
a: Renounce Religion, Convert to Beogh


You were on level 4 of the Dungeon.
You worshipped Okawaru.
Okawaru was noncommittal.
You were very hungry.

You visited 2 branches of the dungeon, and saw 5 of its levels.
You also visited: Sewer.

You collected 177 gold pieces.

Inventory:

Hand Weapons
 a - a +0 war axe (weapon)
 g - a +1 whip of electrocution
Armour
 b - a +0 scale mail (worn)
 c - a +0 shield (worn)
 u - a +0 helmet (worn)
Jewellery
 h - a ring of protection from cold (left hand)
 y - an uncursed amulet of harm {unknown}
Scrolls
 e - 4 scrolls of remove curse {unknown}
 i - a scroll of immolation {unknown}
 j - 2 scrolls of recharging {unknown}
 k - 5 scrolls of identify {unknown}
 l - 2 scrolls of enchant weapon {unknown}
 m - a scroll of blinking {unknown}
 q - a scroll of magic mapping {unknown}
 t - 2 scrolls of fog {unknown}
 x - a scroll of fear {unknown}
Potions
 d - a potion of might
 o - a potion of degeneration {unknown}
 p - a potion of berserk rage {unknown}
 r - a potion of brilliance {unknown}
 s - a potion of invisibility {unknown}
 v - 2 potions of flight {unknown}
 w - 2 potions of heal wounds
Comestibles
 f - 3 bread rations


   Skills:
 - Level 3.6 Fighting
 + Level 9.5 Axes
 - Level 3.2 Armour
 - Level 3.2 Shields


You had 5 spell levels left.
You didn't know any spells.

Dungeon Overview and Level Annotations

Branches:
Dungeon (4/15)             Temple (1/1) D:4

Altars:
Cheibriados
Dithmenos
Elyvilon
Gozag
Kikubaaqudgha
Okawaru
Qazlal
Ru
Sif Muna
Yredelemnul


Message History

* * * LOW HITPOINT WARNING * * *
Unknown command.
Unknown command.
Drink which item? (? for menu, Esc to quit)
You feel better. You block the orc's attack. You block the hippogriff's attack.
The hippogriff pecks you but does no damage.
The hippogriff claws you.
* * * LOW HITPOINT WARNING * * *
The orc priest hits you but does no damage.
You are poisoned.
Unknown command.
Unknown command.
Unknown command.
You feel sick.
You feel sick.
You feel sick.
You feel sick.
The orc priest calls down the wrath of Beogh upon you.
Beogh smites you!
You die...

......# #........##.#
#.##.#####.
##############'#....#
#.#..#..... .........##
#.#.######.#.##.####
#######...#
#.#<.......#.##.# ## #...#
#.#.#.######'##.#### ..#
#...# #.......#.....#.....
§.#
#...######.#.#.#.....######
..# #..........#.#.#.....#
..# #.........@#.#.......#
..# #.........o#.###.....#
..#
#....#####.#.........######
..# ####.#
#H#.........'..... .>#
###..####.##........######
..# ........oO##........#
..# ......)..o##...######
..#
..........##...###########
§.#
####.......'...'..........


You could see a hippogriff, an ogre, an orc priest and 2 orcs.

Vanquished Creatures
  A big kobold (Sewer)
  A scorpion (D:4)
  A crimson imp (D:3)
  A giant frog skeleton (D:3)
  A hound (D:4)
  2 orc wizards (D:4)
  Robin (D:3)
  3 adders
  A river rat (Sewer)
  An ooze (D:2)
  An adder skeleton (D:4)
  2 worms
  4 dart slugs
  5 giant geckos
  8 orcs (D:4)
  2 ball pythons
  6 bats
  A giant cockroach (D:1)
  12 goblins
  3 hobgoblins
  4 jackals
  A quokka (D:4)
  A giant gecko skeleton (D:4)
  3 giant newts
  10 kobolds
  13 rats
89 creatures vanquished.

Notes
Turn   | Place    | Note
--------------------------------------------------------------
     0 | D:1      | Moloch the Hill Orc Fighter began the quest for the Orb.
     0 | D:1      | Reached XP level 1. HP: 19/19 MP: 1/1
    17 | D:1      | Reached skill level 3 in Axes
   107 | D:1      | Reached XP level 2. HP: 14/26 MP: 2/2
   241 | D:1      | Reached skill level 4 in Axes
   482 | D:2      | Reached XP level 3. HP: 29/31 MP: 3/3
   878 | D:2      | Found a snail-covered altar of Cheibriados.
   888 | D:2      | Reached skill level 5 in Axes
  1074 | D:3      | Noticed Robin
  1080 | D:3      | Reached XP level 4. HP: 39/39 MP: 4/4
  1083 | D:3      | Killed Robin
  1253 | D:3      | Reached skill level 6 in Axes
  1450 | D:3      | Reached XP level 5. HP: 45/45 MP: 5/5
  1729 | D:3      | Reached skill level 7 in Axes
  1945 | D:4      | Reached skill level 8 in Axes
  1945 | D:4      | Reached XP level 6. HP: 37/51 MP: 6/6
  2095 | D:4      | Found a glowing drain.
  2103 | Sewer    | Entered a sewer
  2182 | Sewer    | Reached skill level 9 in Axes
  2202 | Sewer    | Found a white marble altar of Elyvilon.
  2410 | D:4      | Found a staircase to the Ecumenical Temple.
  2419 | Temple   | Entered the Ecumenical Temple
  2443 | Temple   | Became a worshipper of Warmaster Okawaru
  2600 | D:4      | Noticed a hippogriff
  2615 | D:4      | HP: 2/51 [poisoned by an orc priest]
  2623 | D:4      | Killed from afar by an orc priest

Skill      XL: |  1  2  3  4  5  6 |
---------------+-------------------+-----
Axes           | 3 4 5 6 8 9 |  9.5
Fighting       | |  3.6
Armour         | |  3.2
Shields        | |  3.2

Action                   |  1- 3 |  4- 6 || total
-------------------------+-------+-------++-------
Melee: War axe           |    95 |   157 ||   252
  Use: Potion            |       |     3 ||     3
  Eat: Chunk             |     1 |     4 ||     5
Armor: Scale mail        |    45 |    57 ||   102
Dodge: Dodged            |    29 |    45 ||    74
Block: Shield            |    51 |    80 ||   131
